 Dungeon Crawl Stone Soup version 0.21.0-3-g78d12a8 (console) character file.

747 removed the Martial Artist (level 7, -1/52 HPs)
             Began as a Barachi Transmuter on Jan 17, 2018.
             Succumbed to ThereIsNoGod's ghost's sting
             ... on level 5 of the Dungeon.
             The game lasted 00:05:47 (5926 turns).

removed the Martial Artist (Barachi Transmuter)     Turns: 5926, Time: 00:05:47

Health: -1/52      AC: 14    Str: 13    XL:     7   Next: 77%
Magic:  10/10      EV:  4    Int: 13    God:
Gold:   221        SH:  0    Dex: 15    Spells: 9/10 levels left

rFire    . . .     SeeInvis .     - Unarmed
rCold    . . .     Gourm    .   (no shield)
rNeg     . . .     Faith    .   g - +0 plate armour
rPois    .         Spirit   .   (no helmet)
rElec    .         Reflect  .   y - +0 cloak
rCorr    .         Harm     .   (no gloves)
MR       .....                  E - +0 pair of boots
Stlth    ..........             (no amulet)
HPRegen  0.17/turn              k - +2 ring of dexterity
MPRegen  0.12/turn              (no ring)

@: lethally poisoned (-1 -> -28), can't hop, drained, slow
A: +LOS, swims, slowness 1, strong legs 1
a: Hop


You were on level 5 of the Dungeon.
You were hungry.

You visited 1 branch of the dungeon, and saw 5 of its levels.

You collected 221 gold pieces.

Inventory:

Hand Weapons
 s - a +0 dagger of venom
 C - the +5 dagger of Radicalism {drain, rElec Str+4}
   (You found it on level 5 of the Dungeon)

   A truly terrible weapon, it drains the life of those it strikes.
   It affects your strength (+4).
   It insulates you from electricity.
Missiles
 a - 73 arrows
Armour
 b - a +0 robe
 g - a +0 plate armour (worn)
 u - a -1 chain mail
 y - a +0 cloak (worn)
 E - a +0 pair of boots (worn)
Jewellery
 k - a +2 ring of dexterity (left hand)
Scrolls
 e - 2 scrolls of remove curse
 h - a scroll of noise {unknown}
 i - 4 scrolls of identify {unknown}
 q - 2 scrolls of magic mapping {unknown}
 v - 2 scrolls of enchant armour {unknown}
 w - a scroll of blinking {unknown}
Potions
 j - a potion of invisibility {unknown}
 l - 2 potions of might {unknown}
 m - a potion of curing {unknown}
 o - a potion of brilliance {unknown}
 p - a potion of magic {unknown}
 r - 2 potions of lignification {unknown}
 x - a potion of degeneration {unknown}
 D - a potion of haste {unknown}
Books
 c - a book of Changes

   Spells                             Type                      Level
   a - Beastly Appendage              Transmutation                1
   b - Sticks to Snakes               Transmutation                2
   c - Spider Form                    Transmutation/Poison         3
   d - Ice Form                       Ice/Transmutation            4
   e - Blade Hands                    Transmutation                5
Comestibles
 d - 10 rations


   Skills:
 + Level 3.6(3.3) Fighting
 - Level 4.2(4.0) Armour
 - Level 2.1(1.9) Dodging
 - Level 8.2(7.9) Unarmed Combat
 - Level 2.1(1.9) Spellcasting
 - Level 2.1(1.9) Transmutations


You had 9 spell levels left.
You knew the following spells:

 Your Spells              Type           Power        Failure   Level  Hunger
a - Beastly Appendage     Tmut           #.....       100%        1    ##.....


Dungeon Overview and Level Annotations

Branches:
Dungeon (5/15)
 Temple: D:4-7

Altars:
Dithmenos
Sif Muna
Trog
Uskayaw

Annotations:
D:5 ThereIsNoGod's ghost, novice SpVM


Innate Abilities, Weirdness & Mutations

Shadows flee at your approach. (+LOS)
You can swim through water.
You cover ground slowly.
You can hop short distances.


Message History

You feel very sick.
ThereIsNoGod's ghost casts a spell at you.
The sting hits you!
You are more poisoned.
ThereIsNoGod's ghost points at you and mumbles some strange words.
The sting hits you!
You are more poisoned.
Unknown command.
* * * LOW HITPOINT WARNING * * *
You feel very sick.
Unknown command.
* * * LOW HITPOINT WARNING * * *
You feel very sick.
Unknown command.
* * * LOW HITPOINT WARNING * * *
You feel very sick.
Unknown command.
Unknown command.
Unknown command.
You die...

..........................##.####
....#.....................##.####
._..#.#.#########....####.##....#
....#.#.# #...[.....##.##>#
...)#.#.#### #...########.##.#
...........# #..[# #.....
[..##.#.##.######...###########.#
...##...##..<....#........# ###.#
..###.####.#####@#..#####.# #>...
....#.####.#####.#..#### #.#.#
.##.#.....)##..........# # #.#..
.##.######.......##.##.# .# #.###
###.# ###.##.##.......##.# #>.<.
###.# #.........##.W...†.#######
....# #.#.#####.##.##..)...#
##### #.#.#####.#..##.####.#
#.#.......#.###.# #


There were no monsters in sight!

Vanquished Creatures
  Duvessa (D:5)
  A centaur (D:5)
  Blork the orc (D:5)
  Dowan (D:5)
  A howler monkey (D:5)
  A crimson imp (D:5)
  3 centaur skeletons
  An orc priest (D:5)
  3 orc wizards
  A worker ant (D:4)
  7 adders
  An ooze (D:1)
  4 worms
  2 dart slugs (D:2)
  2 leopard geckos (D:5)
  11 orcs
  6 bats
  A giant cockroach (D:5)
  5 goblins
  2 hobgoblins
  7 jackals
  2 quokkas
  A ball python (D:3)
  2 frilled lizards
  5 kobolds (D:1)
  A leopard gecko zombie (D:5)
  5 rats
78 creatures vanquished.

Notes
Turn   | Place    | Note
-------+----------+-------------------------------------------
     0 | D:1      | removed the Barachi Transmuter began the quest for the Orb.
     0 | D:1      | Reached XP level 1. HP: 15/15 MP: 3/3
   238 | D:1      | Reached XP level 2. HP: 11/21 MP: 5/5
   418 | D:1      | Reached skill level 4 in Unarmed Combat
  1436 | D:2      | Reached XP level 3. HP: 26/26 MP: 6/6
  1952 | D:2      | Reached skill level 5 in Unarmed Combat
  2445 | D:2      | Reached XP level 4. HP: 29/32 MP: 7/7
  2905 | D:3      | Reached skill level 6 in Unarmed Combat
  2930 | D:3      | Reached XP level 5. HP: 10/37 MP: 8/8
  3425 | D:4      | Found a bloodstained altar of Trog.
  3494 | D:4      | Reached skill level 1 in Armour
  4131 | D:3      | Reached XP level 6. HP: 4/46 MP: 9/9
  4602 | D:5      | Entered Level 5 of the Dungeon
  4644 | D:5      | Got an ichor-stained dagger
  4645 | D:5      | Identified the +5 dagger of Radicalism {drain, rElec Str+4} (You found it on level 5 of the Dungeon)
  4670 | D:5      | Noticed ThereIsNoGod's ghost (novice SpVM)
  4823 | D:5      | Reached skill level 7 in Unarmed Combat
  4900 | D:5      | Reached XP level 7. HP: 45/51 MP: 10/10
  4916 | D:5      | Noticed Duvessa
  4916 | D:5      | Noticed Dowan
  4926 | D:5      | Killed Duvessa
  4926 | D:5      | Reached skill level 8 in Unarmed Combat
  4941 | D:5      | Killed Dowan
  5769 | D:5      | Found a shadowy altar of Dithmenos.
  5770 | D:5      | Found a hide-covered altar of Uskayaw.
  5771 | D:5      | Found a deep blue altar of Sif Muna.
  5771 | D:5      | Noticed Blork the orc
  5781 | D:5      | Killed Blork the orc
  5925 | D:5      | HP: 2/52 [poisoned by ThereIsNoGod's ghost (sting)]
  5926 | D:5      | Succumbed to ThereIsNoGod's ghost's sting

Skill      XL: |  1  2  3  4  5  6  7 |
---------------+----------------------+-----
Unarmed Combat | 4 5 6 7 8 |  8.2
Armour         | 2 4 |  4.2
Fighting       | 2 3 |  3.6
Dodging        | |  2.1
Spellcasting   | |  2.1
Transmutations | |  2.1

Action                   |  1- 3 |  4- 6 |  7- 9 || total
-------------------------+-------+-------+-------++-------
Melee: Unarmed           |   147 |   232 |    49 ||   428
       Punch             |     2 |     3 |       ||     5
 Abil: Hop               |       |     1 |     1 ||     2
Evoke: Wand              |       |       |    10 ||    10
  Use: Scroll            |       |     1 |       ||     1
 Stab: Paralysed         |       |       |     8 ||     8
  Eat: Chunk             |     5 |     9 |     3 ||    17
Armor: Robe              |     8 |       |       ||     8
       Plate armour      |   124 |   217 |    37 ||   378
Dodge: Dodged            |    47 |    24 |    14 ||    85
